 Dungeon Crawl Stone Soup version 0.27.1-3-gb3d3a73c9e (webtiles) character file.

Game seed: 10512735535458761993

107 AZSletch the Ducker (level 4, -3/35 HPs)
             Began as a Demonspawn Gladiator on Oct 6, 2021.
             Was a Believer of Uskayaw.
             Slain by Grinder (5 damage)
             ... on level 4 of the Dungeon.
             The game lasted 00:13:45 (3278 turns).

AZSletch the Ducker (Demonspawn Gladiator)          Turns: 3278, Time: 00:13:46

Health: -3/35      AC:  5    Str: 14    XL:     4   Next: 56%
Magic:  1/4        EV: 12    Int: 10    God:    Uskayaw [**....]
Gold:   91         SH:  0    Dex: 15    Spells: 3/3 levels left

rFire    + . .     SeeInvis .   a - +0 trident
rCold    . . .     Faith    .   (no shield)
rNeg     . . .     Spirit   .   r - +0 leather armour {rF+}
rPois    .         Reflect  .   c - +0 helmet
rElec    .         Harm     .   u - +0 cloak
rCorr    .         Rampage  .   (no gloves)
Will     .....                  (no boots)
Stlth    +.........             (no amulet)
HPRegen  0.11/turn              h - ring of wizardry
MPRegen  0.09/turn              (no ring)

@: no status effects
A: ignite blood 1, spiny 1
a: Renounce Religion, Stomp, Line Pass


You were on level 4 of the Dungeon.
You worshipped Uskayaw.
Uskayaw was noncommittal.
You visited 1 branch of the dungeon, and saw 4 of its levels.

You collected 91 gold pieces.

Inventory:

Hand Weapons
 a - a +0 trident (weapon)
 o - a +3 dagger
Missiles
 d - 3 throwing nets
 g - 72 stones
 s - 2 javelins
 v - 2 poisoned darts (quivered)
Armour
 c - a +0 helmet (worn)
 r - a +0 leather armour of fire resistance (worn)
 u - a +0 cloak (worn)
Magical Staves
 t - a staff of earth
Jewellery
 h - a ring of wizardry (left hand)
 m - a ring of magical power
Scrolls
 b - a scroll of enchant weapon {unknown}
 i - a scroll of enchant armour {unknown}
 l - a scroll of vulnerability {unknown}
 n - 3 scrolls of identify {unknown}
 w - a scroll of teleportation {unknown}
 x - a scroll of amnesia {unknown}
Potions
 e - a potion of resistance {unknown}
 f - a potion of might {unknown}
 j - 2 potions of invisibility {unknown}
 k - 3 potions of degeneration {unknown}
 p - a potion of curing {unknown}
 q - a potion of mutation {unknown}


   Skills:
 + Level 3.0 Fighting
 + Level 3.3 Polearms
 - Level 1.7 Throwing
 + Level 1.3 Armour
 + Level 3.4 Dodging
 + Level 0.6 Invocations


You had 3 spell levels left.
You didn't know any spells.
Your spell library was empty.

Dungeon Overview and Level Annotations

Branches:
Dungeon (4/15)
 Temple: D:4-7

Altars:
Gozag
Hepliaklqana
Makhleb
Okawaru
Uskayaw
Xom
Yredelemnul

Shops:
D:4 [

Annotations:
D:4 Grinder


Innate Abilities, Weirdness & Mutations

Your demonic aura sometimes causes spilled blood to erupt in flames.
You are partially covered in sharp spines.


Message History

Aim: Grinder (lightly wounded, poisoned, 55% to hit)
You throw a poisoned dart.
The poisoned dart closely misses Grinder.
Throw: 3 darts (poison)
Press: ? - help, Q - select action, (/) - cycle Shift-Dir - straight line, f/p - Grinder
Aim: Grinder (lightly wounded, poisoned, 55% to hit)
You throw a poisoned dart.
The poisoned dart barely misses Grinder.
Reach: a) +0 trident
Press: ? - help, Dir - move target, f/p - Grinder
Aim: Grinder (lightly wounded, poisoned, about 45% to evade your +0 trident)
You reach to attack!
You hit Grinder.
Grinder is moderately wounded.
You hit Grinder.
Grinder is moderately wounded.
Grinder says, "I used to sell toenails on the black market."
Grinder is struck by your spines. Grinder hits you!
You writhe in agony.
* * * LOW HITPOINT WARNING * * *
You can now pass through a line of other dancers.
You puncture Grinder!
Grinder is heavily wounded.
Grinder gestures at you.
You suddenly lose the ability to move!
Grinder gestures at you.
You shrug off the repeated paralysis!
Grinder looks more healthy.
Grinder barely misses you.
You can move again.
You stomp with the beat, sending a shockwave through the revellers around you!
Grinder is severely wounded.
You can no longer pass through a line of other dancers.
Grinder hits you but does no damage.
You can now pass through a line of other dancers.
You closely miss Grinder.
Grinder is severely wounded.
Grinder hits you.
* * * LOW HITPOINT WARNING * * *
You writhe in agony.
* * * LOW HITPOINT WARNING * * *
Grinder is struck by your spines. Grinder hits you.
You die...

##..##..#..∩.....#
#.......#........#
#.......##..##...#
#.......##..##...#
#...........##...#
#...........##...#
##...............#
##...............#
#.@5.....(.......#
##..##......##)###
#..##......##...#
#.(........#.<..#
#......##. #....#
....(. # #....#
#..##.. #.####
#..# .(. ##


You could see Grinder.

Vanquished Creatures
  An orc wizard (D:4)
  2 gnolls
  3 worms
  A dart slug (D:1)
  2 orcs (D:4)
  7 endoplasms
  8 goblins
  3 hobgoblins (D:2)
  4 jackals (D:1)
  4 quokkas
  2 ball pythons
  3 bats
  A frilled lizard (D:3)
  2 kobolds
  3 rats
46 creatures vanquished.

Notes
Turn   | Place    | Note
-------+----------+-------------------------------------------
     0 | D:1      | AZSletch the Demonspawn Gladiator began the quest for the
                  | Orb.
     0 | D:1      | Reached XP level 1. HP: 16/16 MP: 1/1
   196 | D:1      | Gained mutation: You are partially covered in sharp spines.
                  | [demonic ancestry]
   196 | D:1      | Reached XP level 2. HP: 22/22 MP: 2/2
  1073 | D:2      | Gained mutation: Your demonic aura sometimes causes spilled
                  | blood to erupt in flames. [demonic ancestry]
  1073 | D:2      | Reached XP level 3. HP: 13/28 MP: 3/3
  1306 | D:2      | Found a faded altar of an unknown god.
  2143 | D:2      | Reached skill level 1 in Armour
  2509 | D:3      | Reached XP level 4. HP: 34/34 MP: 4/4
  2670 | D:3      | Found a hide-covered altar of Uskayaw.
  2677 | D:3      | Became a worshipper of Uskayaw the Reveller
  2853 | D:3      | Found an iron altar of Okawaru.
  2853 | D:3      | Found a hazy altar of Hepliaklqana.
  2941 | D:3      | Found a hide-covered altar of Uskayaw.
  2943 | D:3      | Found a basalt altar of Yredelemnul.
  2943 | D:3      | Found an opulent altar of Gozag.
  2945 | D:3      | Found a shimmering altar of Xom.
  2945 | D:3      | Found an iron altar of Okawaru.
  2945 | D:3      | Found a burning altar of Makhleb.
  3172 | D:4      | Found Kublual's Armour Emporium.
  3183 | D:4      | Reached * piety under Uskayaw
  3187 | D:4      | Reached ** piety under Uskayaw
  3260 | D:4      | Noticed Grinder
  3274 | D:4      | Paralysed by Grinder for 3 turns
  3278 | D:4      | Slain by Grinder

Illustrated notes

Levels and vault maps discovered:
D:1:      kennysheep_arrival_forest, layout_basic,
          ebering_dispersal_statue_hall, minmay_surrounded
D:2:      layout_basic, dreamdust_ecumenical_altar_statues
D:3:      kennysheep_big_flooded_room, layout_basic, doesnt_xom_only_xom,
          lemuel_crystal_altar, mainiacjoe_overflow_large_starburst
D:4:      layout_gridville, lemuel_zombie_altar_yredelemnul, serial_shops, shop,
          minmay_snake_closets, uniq_grinder, uniq_ijyb

Skill      XL: |  1  2  3  4 |
---------------+-------------+-----
Polearms       | 3 |  3.3
Dodging        | 3 |  3.4
Armour         | 1 |  1.3
Fighting       | 3 |  3.0
Throwing       | |  1.7
Invocations    | |  0.6

Action                   |  1- 3 |  4- 6 || total
-------------------------+-------+-------++-------
Melee: Trident           |   127 |    30 ||   157
Throw: Stone             |    23 |     6 ||    29
       Dart              |       |     8 ||     8
Invok: Stomp             |       |     2 ||     2
 Stab: Sleeping          |     2 |       ||     2
Armor: Leather armour    |    13 |    11 ||    24
Dodge: Dodged            |    46 |     4 ||    50
